Map: Inside and Out

Players

Solar - Winner!

  • Race: Zerg Zerg
  • Spawn Location: 7:00

GuMiho

  • Race: Terran Terran
  • Spawn Location: 1:00

Event: DreamHack SC2 Masters 2022 Atlanta (Offline)

VOD

Have the link to the VOD?

Description

Time

  • Played on: Nov. 18, 2022, 6:24 p.m.
  • Length: 24:28

All games in this series

Show
View Real Time Build Order
Export as new Build Order

Solar Zerg - Winner!

Build Orders: Hatch First, Lurkers 

Get SALT Encoding   

  12  0:00  Drone  
  13  0:12  Overlord  
  13  0:17  Drone  
  14  0:30  Drone  
  14  0:31  Drone  
  16  0:46  Hatchery  
  15  0:51  Drone  
  15  0:54  Drone  
  17  0:57  Drone  
  18  1:08  Extractor  
  17  1:12  Spawning Pool  
  17  1:15  Drone  
  17  1:19  Drone  
  18  1:27  Drone  
  19  1:38  Drone  
  20  1:49  Drone  
  21  1:59  Queen x2  
  25  2:05  Zergling x4  
  27  2:11  Zergling x2  
  27  2:12  Metabolic Boost  
  27  2:13  Overlord  
  28  2:30  Hatchery  
  28  2:31  Drone  
  28  2:33  Drone  
  29  2:40  Queen  
  29  2:43  Drone  
  32  2:47  Overlord  
  32  2:50  Drone  
  33  2:53  Drone  
  33  2:55  Drone  
  35  3:00  Overlord  
  35  3:03  Zergling x2  
  36  3:09  Zergling x2, Extractor  
  36  3:10  Zergling x2, Extractor  
  38  3:17  Queen  
  38  3:18  Overlord  
  40  3:20  Drone  
  40  3:21  Drone  
  40  3:24  Zergling x2  
  43  3:28  Drone  
  44  3:37  Drone x3  
  44  3:38  Drone x2  
  49  3:43  Drone  
  49  3:44  Drone  
  49  3:46  Queen, Drone  
  53  3:49  Drone  
  53  3:51  Drone  
  53  3:52  Drone  
  53  3:54  Drone  
  54  3:59  Queen  
  55  4:04  Overlord  
  55  4:06  Drone x2  
  57  4:10  Overlord  
  57  4:22  Overlord  
  57  4:23  Queen, Drone x3  
  62  4:27  Drone x3  
  65  4:32  Drone x2  
  65  4:35  Zergling x4, Queen  
  71  4:38  Overlord  
  71  4:40  Drone x3  
  71  4:44  Spore Crawler  
  73  4:47  Spore Crawler, Drone  
  73  4:51  Drone  
  73  4:52  Drone  
  75  4:53  Drone  
  75  4:54  Drone  
  75  4:55  Extractor  
  75  4:56  Drone  
  75  4:59  Spore Crawler  
  76  5:05  Zergling x6  
  76  5:06  Zergling x4  
  79  5:09  Queen  
  79  5:13  Drone x4  
  81  5:19  Overlord, Evolution Chamber  
  81  5:20  Evolution Chamber  
  78  5:22  Drone  
  78  5:23  Drone  
  80  5:31  Drone  
  80  5:32  Extractor  
  80  5:35  Zergling x2  
  80  5:36  Zergling x2  
  80  5:37  Drone  
  80  5:39  Drone  
  80  5:40  Drone  
  85  5:45  Drone x2  
  85  5:47  Drone  
  85  5:48  Zerg Ground Armor Level 1, Zerg Melee Weapons Level 1  
  85  5:49  Overlord  
  88  5:51  Overlord  
  88  5:52  Hatchery  
  88  5:55  Zergling x4  
  89  5:57  Lair  
  89  6:00  Drone x2  
  89  6:03  Extractor  
  89  6:04  Zergling x6, Extractor  
  89  6:05  Baneling Nest  
  89  6:06  Overlord  
  89  6:10  Drone x2  
  91  6:15  Drone  
  91  6:16  Drone  
  92  6:19  Drone  
  92  6:20  Drone x2  
  92  6:21  Drone  
  92  6:22  Zergling x8  
  92  6:24  Overlord  
  101  6:25  Zergling x2  
  101  6:31  Zergling x2  
  102  6:35  Zergling x4  
  105  6:40  Drone  
  105  6:44  Zergling x2  
  105  6:46  Drone  
  107  6:47  Drone  
  107  6:48  Zergling x4, Baneling  
  107  6:49  Baneling x5  
  107  6:50  Zergling x10  
  115  6:57  Overseer  
  115  6:58  Zergling x6  
  115  6:59  Centrifugal Hooks  
  115  7:00  Drone  
  117  7:01  Baneling  
  117  7:02  Baneling  
  117  7:03  Drone  
  117  7:07  Drone  
  119  7:10  Queen  
  119  7:11  Zergling x4  
  119  7:15  Drone  
  124  7:16  Spore Crawler, Zergling x8  
  124  7:18  Hydralisk Den  
  124  7:19  Baneling x3  
  124  7:20  Zergling x2  
  124  7:21  Zergling x8  
  131  7:27  Zergling x4  
  131  7:28  Baneling x2  
  132  7:31  Hatchery  
  132  7:34  Zergling x10  
  136  7:37  Overlord x2  
  136  7:42  Extractor  
  136  7:43  Infestation Pit  
  134  7:44  Zerg Ground Armor Level 2  
  134  7:45  Zerg Melee Weapons Level 2  
  134  7:46  Drone  
  134  7:48  Zergling x2  
  135  7:52  Overlord  
  135  7:54  Baneling x3, Overlord  
  135  7:58  Zergling x14  
  137  8:04  Drone  
  142  8:05  Drone  
  142  8:06  Zergling x8  
  142  8:07  Zergling x4  
  142  8:09  Drone  
  142  8:11  Baneling x8  
  150  8:16  Zergling x10  
  150  8:19  Baneling x3  
  155  8:20  Overlord  
  155  8:21  Zergling x6  
  158  8:29  Overseer  
  158  8:30  Zergling x6  
  158  8:31  Hive, Pneumatized Carapace  
  158  8:33  Drone  
  158  8:34  Zergling x2, Baneling x2  
  162  8:35  Baneling  
  162  8:36  Drone  
  162  8:38  Zergling x8  
  154  8:44  Zergling x14  
  155  8:48  Baneling x4  
  155  8:50  Zergling x8  
  155  8:51  Zergling x2  
  155  8:53  Hydralisk x2  
  163  8:55  Grooved Spines  
  163  8:57  Zergling x4  
  158  9:03  Drone  
  158  9:05  Drone x4  
  158  9:09  Baneling x9  
  163  9:11  Zergling x2, Extractor  
  163  9:12  Zergling x10  
  166  9:17  Zergling x8  
  166  9:18  Overlord  
  166  9:20  Overlord  
  166  9:23  Hydralisk  
  162  9:28  Zergling x8  
  162  9:32  Zergling x6  
  162  9:34  Baneling x3  
  162  9:35  Baneling x11  
  151  9:41  Zergling x16  
  151  9:45  Zergling x10  
  143  9:48  Hydralisk x2  
  143  9:51  Zergling x2  
  145  9:56  Zergling x10  
  145  9:58  Viper  
  153  10:01  Drone  
  153  10:02  Drone  
  153  10:03  Baneling x5  
  153  10:05  Drone  
  154  10:09  Hydralisk x2  
  154  10:14  Zergling x4  
  157  10:15  Drone  
  157  10:16  Muscular Augments  
  157  10:17  Drone  
  157  10:19  Drone x2  
  157  10:20  Drone  
  162  10:22  Baneling x5  
  162  10:26  Zergling x2  
  163  10:30  Zergling x22  
  172  10:39  Zergling x8, Adrenal Glands  
  172  10:41  Drone  
  175  10:43  Zerg Missile Weapons Level 1  
  175  10:44  Overlord  
  175  10:46  Zergling x2  
  176  10:54  Zergling x10  
  176  10:57  Zerg Ground Armor Level 3  
  176  10:58  Zergling x8  
  176  10:59  Zergling x10  
  181  11:06  Drone x2  
  181  11:07  Drone x3  
  180  11:11  Drone  
  180  11:16  Drone x2  
  180  11:17  Drone  
  182  11:20  Zergling x2  
  182  11:21  Drone x2  
  182  11:24  Overlord  
  183  11:26  Hatchery  
  183  11:27  Zergling x16  
  183  11:31  Baneling x5  
  187  11:34  Hydralisk x3  
  187  11:35  Zergling x6  
  192  11:41  Drone  
  192  11:45  Drone  
  189  11:47  Zergling x6  
  189  11:53  Viper x2  
  191  11:54  Hatchery  
  191  11:59  Hydralisk  
  191  12:00  Hydralisk x2  
  178  12:02  Zergling x10  
  178  12:06  Drone  
  178  12:07  Drone  
  165  12:10  Spore Crawler, Drone  
  165  12:12  Hydralisk  
  165  12:14  Baneling x2  
  165  12:15  Baneling x2  
  167  12:16  Hydralisk x2  
  167  12:22  Zergling x4  
  173  12:24  Zergling x12  
  173  12:25  Baneling  
  173  12:26  Baneling x5  
  173  12:27  Zergling x2  
  173  12:29  Zergling x2  
  181  12:34  Zergling x2  
  183  12:37  Zergling x2, Zerg Melee Weapons Level 3  
  183  12:39  Zergling x4  
  185  12:45  Zergling x2  
  185  12:48  Zergling x2  
  185  12:49  Zergling x2  
  186  12:51  Queen, Lurker Den  
  186  12:54  Zergling x4  
  186  12:59  Zergling x4  
  186  13:03  Baneling x9  
  186  13:04  Zergling x2  
  186  13:05  Zergling x2  
  188  13:07  Zergling x2  
  188  13:10  Zergling x4  
  189  13:13  Hatchery  
  189  13:14  Zergling x2  
  189  13:16  Drone x2  
  191  13:21  Zergling x4  
  191  13:22  Zergling x2  
  193  13:30  Zergling x8  
  193  13:31  Zergling x4  
  193  13:32  Hatchery  
  198  13:35  Zergling x4  
  198  13:36  Overseer  
  198  13:38  Zergling x2  
  198  13:39  Zergling x2  
  198  13:42  Zergling x8  
  182  13:49  Zergling x6  
  182  13:52  Hydralisk x2  
  182  13:55  Zergling x4  
  185  13:57  Zergling x6  
  188  14:07  Zergling x14  
  195  14:10  Zergling x2  
  195  14:12  Extractor  
  195  14:13  Zergling x2, Seismic Spines  
  195  14:16  Lurker x4  
  200  14:22  Baneling  
  200  14:23  Baneling x8  
  200  14:29  Baneling x7  
  197  14:39  Drone  
  197  14:40  Drone x2  
  197  14:43  Extractor  
  197  14:45  Zergling x16  
  199  15:02  Drone, Hatchery  
  199  15:10  Adaptive Talons  
  199  15:13  Zergling x10  
  199  15:17  Zergling x2  
  199  15:18  Zergling x10  
  197  15:24  Zergling x6  
  200  15:51  Baneling x9  
  200  15:52  Spore Crawler  
  200  15:53  Zerg Missile Weapons Level 2  
  200  15:57  Extractor  
  198  15:59  Zergling x4  
  198  16:01  Burrow  
  200  16:15  Zergling x4  
  199  16:28  Drone  
  199  16:29  Drone  
  193  16:41  Hydralisk x4  
  193  16:42  Zergling x20  
  199  16:50  Zergling x4  
  199  16:51  Zergling x4  
  199  16:53  Zergling x16, Baneling x3  
  200  17:02  Zergling x2, Hatchery  
  199  17:27  Hatchery  
  199  17:28  Drone x2  
  199  17:29  Zergling x22  
  199  17:31  Drone x2  
  148  17:46  Zergling x2  
  148  17:47  Zergling x18  
  148  17:51  Zergling x20  
  145  17:55  Overlord  
  145  17:56  Hydralisk x2  
  151  18:00  Queen  
  151  18:02  Zergling x10  
  151  18:03  Lurker x8  
  151  18:04  Overlord  
  166  18:06  Overseer x2  
  166  18:07  Baneling x8  
  166  18:08  Baneling x2  
  166  18:10  Drone x2  
  166  18:11  Baneling x3  
  167  18:15  Zergling x6  
  167  18:16  Zergling x4  
  172  18:20  Zergling x2  
  172  18:21  Zergling x4  
  175  18:28  Infestor x2  
  175  18:29  Zergling x8  
  175  18:31  Overseer  
  183  18:36  Zergling x14  
  183  18:40  Nydus Network  
  189  18:41  Zergling x10  
  189  18:45  Hydralisk x3  
  200  18:52  Zergling x4  
  200  18:53  Zergling x2  
  199  19:05  Zerg Missile Weapons Level 3  
  198  19:10  Zergling x4  
  197  19:18  Zergling x8  
  197  19:19  Overseer  
  197  19:22  Zergling x2  
  197  19:24  Zergling x2  
  200  19:29  Overseer  
  200  19:43  Overlord  
  200  19:51  Hydralisk  
  200  19:59  Zergling x2  
  199  20:05  Zergling x2  
  199  20:14  Hatchery  
  198  20:21  Overseer x2  
  198  20:22  Overseer  
  198  20:30  Zergling x2  
  198  20:34  Zergling x4  
  199  20:40  Hydralisk  
  199  20:42  Zergling x2  
  200  20:45  Nydus Canal  
  184  20:50  Hydralisk x4  
  184  20:51  Zergling x4  
  184  20:52  Zergling x16  
  184  20:53  Zergling x8  
  184  20:55  Overlord x2  
  178  21:01  Hydralisk x3  
  178  21:03  Overlord  
  178  21:06  Zergling x6  
  178  21:07  Baneling x12  
  181  21:12  Zergling x4, Baneling x2  
  181  21:13  Baneling x4  
  181  21:14  Zergling x2  
  181  21:15  Zergling x8  
  188  21:25  Zergling x14  
  195  21:29  Zergling x2  
  190  21:34  Hydralisk x3  
  190  21:37  Zergling x8  
  190  21:38  Zergling x6  
  173  21:44  Zergling x8  
  173  21:46  Zergling x10  
  158  21:48  Hydralisk x2  
  158  21:52  Viper  
  159  21:55  Viper  
  159  21:56  Overseer  
  159  21:57  Baneling x12  
  159  21:58  Baneling x20, Drone x2  
  164  22:01  Zergling x18  
  164  22:05  Zergling x2, Baneling x2  
  174  22:08  Zergling x14  
  174  22:09  Zergling x2  
  174  22:10  Zergling x2  
  174  22:13  Zergling x2  
  182  22:16  Zergling x2  
  182  22:18  Zergling x8  
  182  22:21  Zergling x2  
  182  22:22  Zergling x2  
  179  22:24  Zergling x2  
  179  22:27  Zergling x2  
  179  22:28  Zergling x2  
  179  22:29  Zergling x12  
  184  22:35  Zergling x8, Baneling x2  
  184  22:36  Spore Crawler, Baneling  
  187  22:41  Lurker x7  
  187  22:42  Zergling x2  
  187  22:43  Zergling x8  
  199  22:53  Baneling x3  
  199  22:54  Baneling x10  
  191  23:06  Zergling x20  
  191  23:07  Zergling x2  
  191  23:09  Zergling x4  
  191  23:12  Zergling x14  
  199  23:16  Zergling x2  
  197  23:20  Zergling x6  
  197  23:22  Zergling x4  
  199  23:27  Zergling x2  
  199  23:33  Zergling x2  
  199  23:34  Zergling x8  
  199  23:40  Zergling x10  
  178  23:42  Hydralisk x2  
  178  23:48  Zergling x36  
  158  23:50  Hydralisk  
  158  23:55  Zergling x12  
  169  23:58  Baneling  
  169  23:59  Zergling x10, Baneling x25  
  169  24:00  Zergling x6  
  169  24:02  Zergling x6  
  178  24:05  Zergling x2  
  178  24:06  Zergling x6  
  178  24:09  Zergling x2  
Show
View Real Time Build Order
Export as new Build Order

GuMiho Terran 

Build Orders: Reaper Expand, Hellion Banshee 

Get SALT Encoding   

  12  0:00  SCV  
  13  0:12  SCV  
  14  0:16  Supply Depot  
  14  0:24  SCV  
  15  0:38  SCV  
  15  0:39  Barracks  
  16  0:42  Refinery  
  16  0:50  SCV  
  17  1:02  SCV  
  18  1:14  SCV  
  19  1:26  Reaper, Orbital Command  
  20  1:37  Command Center  
  20  1:44  Supply Depot  
  20  1:52  SCV  
  21  1:58  Marine  
  22  2:04  SCV  
  22  2:08  Factory  
  23  2:16  SCV, Marine  
  25  2:28  SCV  
  26  2:37  Command Center  
  26  2:40  SCV  
  27  2:52  SCV  
  27  2:53  Starport  
  27  2:54  Orbital Command  
  27  2:56  Factory Reactor  
  28  3:05  SCV  
  29  3:10  Refinery  
  29  3:17  SCV  
  30  3:21  Barracks Tech Lab  
  30  3:22  SCV  
  31  3:29  SCV  
  31  3:33  Hellion x2  
  37  3:34  SCV  
  37  3:41  SCV  
  37  3:48  SCV  
  37  3:50  Orbital Command  
  37  3:55  Hellion x2  
  41  3:59  SCV  
  41  4:01  SCV  
  41  4:12  SCV, Barracks Tech Lab  
  41  4:13  SCV  
  41  4:14  Banshee, Cloaking Field  
  41  4:16  Supply Depot, Hellion x2  
  50  4:24  SCV  
  52  4:25  SCV, Orbital Command  
  52  4:31  Marine  
  53  4:32  Stimpack  
  53  4:36  SCV  
  53  4:37  SCV, Hellion x2  
  59  4:39  Supply Depot  
  59  4:48  SCV  
  59  4:49  SCV  
  61  4:53  Supply Depot  
  61  4:57  Banshee  
  61  4:59  Barracks  
  64  5:00  Barracks, SCV  
  64  5:04  SCV x2  
  67  5:12  SCV  
  66  5:16  SCV  
  66  5:17  SCV  
  66  5:19  Engineering Bay  
  66  5:20  Engineering Bay  
  68  5:24  SCV  
  69  5:28  Marine  
  69  5:29  SCV x2  
  69  5:30  Factory Reactor  
  69  5:33  Barracks  
  72  5:36  SCV, Barracks  
  72  5:41  SCV x2  
  69  5:46  Marine  
  69  5:48  SCV  
  71  5:50  Terran Infantry Armor Level 1, Terran Infantry Weapons Level 1  
  71  5:51  Starport Reactor  
  71  5:53  SCV x2, Refinery  
  71  5:54  Barracks Reactor, Refinery  
  73  6:04  Marine  
  73  6:05  SCV  
  73  6:06  SCV x2  
  73  6:08  Supply Depot  
  73  6:09  Supply Depot  
  77  6:11  Marine  
  77  6:12  Marine  
  77  6:13  Combat Shield  
  77  6:18  SCV x3  
  81  6:21  Barracks Reactor  
  81  6:22  Supply Depot x3, Marine  
  83  6:27  Refinery  
  83  6:29  Marine  
  83  6:30  Marine  
  83  6:31  Marine  
  83  6:32  Barracks Reactor, Marine  
  87  6:33  SCV x3  
  87  6:38  Supply Depot  
  87  6:39  Marine  
  90  6:40  Supply Depot  
  90  6:41  Medivac x2  
  90  6:45  SCV x3  
  90  6:47  Barracks, Marine  
  98  6:48  Marine  
  98  6:49  Marine x2  
  98  6:50  Barracks  
  105  6:57  Armory, Marine  
  103  7:05  Marine x2  
  103  7:06  Marine  
  103  7:07  Siege Tank  
  109  7:10  SCV x3  
  109  7:13  Supply Depot  
  112  7:16  Marine  
  112  7:17  Supply Depot, Marine x5  
  112  7:22  Medivac x2  
  122  7:28  Marine x2  
  122  7:29  Marine  
  125  7:33  Supply Depot  
  125  7:34  Supply Depot, Marine x3  
  128  7:37  Supply Depot, Marine x4  
  128  7:39  Barracks Reactor  
  128  7:42  Siege Tank  
  128  7:43  Marine  
  136  7:46  Marine x2  
  136  7:51  Marine  
  139  7:52  Marine x2  
  139  7:53  Marine  
  139  7:55  Medivac x2, Marine  
  139  7:56  Marine x3  
  150  8:01  Marine  
  150  8:04  Marine x2  
  153  8:14  Siege Tank  
  153  8:15  Command Center  
  156  8:22  Marine x2  
  156  8:25  Medivac x2  
  162  8:30  Marine x2  
  162  8:31  Marine  
  162  8:32  Marine x2  
  167  8:34  Supply Depot  
  167  8:37  Marine x3  
  156  8:46  Siege Tank  
  159  8:48  Supply Depot  
  159  8:49  Marine x2  
  159  8:50  Marine x2  
  159  8:54  Marine x2  
  165  8:57  Marine x2  
  162  9:06  Terran Infantry Armor Level 2, Terran Infantry Weapons Level 2  
  159  9:12  Marine  
  159  9:13  Marine  
  159  9:15  Marine x4  
  165  9:17  Medivac x2  
  165  9:18  Siege Tank  
  168  9:29  Marine x4  
  168  9:30  Marine x3  
  168  9:31  Marine x2  
  174  9:32  Marine  
  137  9:47  Marine x3  
  137  9:51  Marine x2  
  128  9:55  Liberator x2  
  128  9:56  Marine x2  
  128  9:58  Marine x2  
  138  10:00  Marine  
  138  10:01  Marine x2  
  138  10:03  Marine  
  138  10:05  Marine, Planetary Fortress  
  143  10:10  Marine x2  
  142  10:15  Siege Tank  
  142  10:17  Marine x4  
  142  10:19  Marine  
  150  10:21  Marauder  
  150  10:23  Marine x3  
  150  10:24  Marine  
  156  10:28  SCV x3  
  156  10:31  Marine  
  156  10:32  Marine x2  
  156  10:35  Marine x4  
  164  10:40  Liberator  
  169  10:43  Liberator  
  169  10:49  Siege Tank  
  175  10:52  Marauder  
  175  11:08  Marine x3  
  175  11:09  Marine  
  171  11:13  Marine x3  
  171  11:14  Marauder  
  172  11:21  Siege Tank  
  172  11:23  Medivac  
  173  11:26  Supply Depot  
  170  11:35  Marauder  
  172  11:42  Terran Infantry Weapons Level 3  
  169  11:51  Marine  
  169  11:52  Marine x9  
  169  11:53  Marine x2  
  169  11:54  Siege Tank  
  169  11:56  Marauder  
  137  12:09  Marine x5  
  137  12:10  Liberator  
  137  12:12  Marine  
  137  12:13  Marine x2  
  137  12:14  Marine x3  
  148  12:18  Marine x2  
  150  12:24  Refinery  
  150  12:25  Command Center  
  150  12:26  Factory, Refinery, Siege Tank, Command Center  
  150  12:29  Factory  
  152  12:35  Concussive Shells, Marine x2  
  152  12:36  Marine x5  
  159  12:44  Medivac  
  161  12:47  Marine x2  
  161  12:48  Marauder  
  164  12:53  Medivac  
  166  13:00  Refinery, Sensor Tower, Marine  
  166  13:06  Siege Tank  
  166  13:09  Marauder, Marine x2  
  166  13:29  Medivac x2  
  166  13:30  Marauder  
  166  13:33  Marine x2  
  166  13:34  Marine x2  
  172  13:38  Siege Tank  
  160  13:52  Marauder  
  148  13:58  Marine  
  148  14:01  Factory Tech Lab x2, Orbital Command x2  
  146  14:06  Ghost Academy  
  145  14:11  Siege Tank  
  145  14:13  Marauder  
  145  14:15  Infernal Pre-Igniter  
  150  14:17  Terran Infantry Armor Level 3  
  150  14:18  Barracks Tech Lab, Factory  
  150  14:19  Factory  
  150  14:20  Terran Vehicle Weapons Level 1  
  150  14:26  Barracks Tech Lab  
  150  14:30  Siege Tank  
  153  14:32  Missile Turret x2, Marine x7  
  153  14:33  Marine  
  153  14:35  Siege Tank  
  164  14:45  Siege Tank  
  163  14:54  Viking x2  
  163  14:58  Ghost x2  
  171  15:08  Command Center  
  171  15:10  Command Center  
  171  15:18  Sensor Tower  
  171  15:19  Missile Turret  
  171  15:21  Missile Turret  
  165  15:28  Ghost x3  
  170  15:38  Marine x3  
  170  15:40  Hi-Sec Auto Tracking  
  173  15:49  Personal Cloaking  
  173  15:51  Missile Turret  
  173  15:52  Missile Turret  
  173  15:57  Ghost  
  173  15:58  Ghost  
  173  16:04  Ghost  
  179  16:25  Command Center, Ghost  
  179  16:26  Siege Tank  
  179  16:27  Ghost  
  179  16:30  Siege Tank  
  180  16:51  Ghost  
  180  16:54  Ghost  
  181  16:55  Ghost  
  181  16:59  Planetary Fortress  
  183  17:03  Orbital Command  
  183  17:13  Terran Vehicle Weapons Level 2  
  183  17:19  Smart Servos, Ghost  
  157  17:45  Siege Tank  
  137  17:58  Marine x3  
  143  18:00  Marine  
  143  18:01  Marine x2  
  149  18:07  Marauder x2, Marine x2  
  149  18:12  Refinery  
  155  18:14  Marauder  
  155  18:16  Marine x2  
  155  18:18  Refinery, Hellion x3  
  155  18:19  Hellion x4  
  167  18:22  Planetary Fortress  
  167  18:29  Marauder x2  
  171  18:36  Marauder  
  173  18:50  Marauder  
  173  18:54  Liberator x2  
  181  18:57  Siege Tank x2  
  187  19:09  Marauder x2  
  191  19:11  Marauder  
  191  19:17  Marine x2  
  189  19:18  Orbital Command  
  189  19:22  Siege Tank  
  189  19:23  Marine  
  194  19:29  Siege Tank x2  
  194  19:54  Viking x2  
  193  20:06  Missile Turret  
  193  20:19  Sensor Tower  
  193  20:21  Siege Tank x2  
  193  20:25  Missile Turret  
  193  20:28  Sensor Tower  
  195  20:49  Missile Turret  
  188  20:56  Missile Turret  
  186  20:59  Command Center  
  181  21:09  Supply Depot  
  181  21:10  Supply Depot x2  
  181  21:35  Supply Depot  
  181  21:39  Siege Tank  
  174  21:40  Siege Tank x2  
  174  21:42  Orbital Command  
  174  21:44  Hellion x2  
  169  21:56  Nuke  
  169  22:12  Siege Tank x2  
  169  22:15  Missile Turret x2  
  172  22:28  Siege Tank  
  172  22:35  Orbital Command  
  172  22:39  Liberator x2  
  172  22:42  Missile Turret  
  178  22:45  Missile Turret  
  178  22:50  Missile Turret  
  178  22:54  Ghost x2  
  182  23:05  Siege Tank  
  173  23:13  Marauder  
  174  23:21  Missile Turret  
  174  23:23  Liberator, Marauder  
  177  23:29  Marauder  
  172  23:37  Orbital Command  
  144  23:47  Marine  
  144  23:48  Marauder x2  
  117  23:55  Marine  
Tags
 
Add a new tag
Caveats
  • Supply blocks, unpowered buildings, or Contaminate may cause inaccurate times.
  • Supply counts are checked every 10 seconds.